[ AOE2 MATCH · #506633980 ]
UnrankedMaya vs Tatars
Player's team · WIN
Rival team · LOSS
[ REPLAY ANALYSIS · EXTRACTED FROM THE RECORDED GAME ]
Feudal
9:40
Castle
19:06
Imperial
34:51
| APM avg | 66.9 |
| APM peak | 102 |
| eAPM avg | 37.9 |
| Villagers / military | 207 / 193 |
Focus
⚔️ 40.5% · 🌾 59.5%
Archer ×110 · Skirmisher ×38 · Spearman ×33 · Trebuchet (Packed) ×7 · Mangonel ×3 · Monk ×2
Feudal
13:29
Castle
17:33
Imperial
31:25
| APM avg | 45.6 |
| APM peak | 76 |
| eAPM avg | 28.5 |
| Villagers / military | 197 / 136 |
Focus
⚔️ 43.8% · 🌾 56.2%
Keshik ×63 · Archer ×48 · Cavalry Archer ×15 · Militia ×5 · Skirmisher ×2 · Scout Cavalry ×2
Match map
Initial resources + every placement click. Lines = walls · curves = elevation contours. ◆ gold · ⬟ stone · ● berries · ✦ relic · ◌ wall gap
Your base· ✓ Closed at 19:06 · 64t walls · no gate
LvSP | Réyiman's base· ✓ Closed at 17:33 · 40t walls · no gate
Smoothed initial terrain · ◌ = detected wall gap · hover for details
Inputs per minute
— Hackali - - LvSP | Réyiman
Build order — Hackali
First 150 of 693 actions detected
| 0:00 | Research | Loom |
| 0:01 | Build | House |
| 0:02 | Build | House |
| 0:04 | Create | Villager (Male) |
| 0:14 | Create | Villager (Male) |
| 0:14 | Create | Villager (Male) |
| 1:27 | Create | Villager (Male) |
| 1:28 | Create | Villager (Male) |
| 1:47 | Build | Lumber Camp |
| 1:52 | Build | Lumber Camp |
| 2:03 | Create | Villager (Male) |
| 2:03 | Create | Villager (Male) |
| 2:06 | Create | Villager (Male) |
| 2:07 | Create | Villager (Male) |
| 2:30 | Create | Villager (Male) |
| 2:30 | Create | Villager (Male) |
| 3:00 | Create | Villager (Male) |
| 3:00 | Create | Villager (Male) |
| 3:33 | Create | Villager (Male) |
| 3:33 | Create | Villager (Male) |
| 3:52 | Build | House |
| 3:55 | Create | Villager (Male) |
| 3:55 | Create | Villager (Male) |
| 4:09 | Create | Villager (Male) |
| 4:09 | Create | Villager (Male) |
| 4:32 | Build | House |
| 4:49 | Create | Villager (Male) |
| 4:51 | Build | Mill |
| 5:03 | Build | Palisade Wall |
| 5:36 | Create | Villager (Male) |
| 5:43 | Build | Palisade Wall |
| 5:44 | Build | Palisade Wall |
| 5:46 | Build | Palisade Wall |
| 5:50 | Create | Villager (Male) |
| 5:56 | Build | House |
| 6:09 | Build | Palisade Wall |
| 6:10 | Build | Palisade Wall |
| 6:19 | Build | Palisade Wall |
| 6:22 | Build | Palisade Wall |
| 6:38 | Create | Villager (Male) |
| 6:54 | Create | Villager (Male) |
| 7:28 | Research | Feudal Age |
| 8:04 | Build | Palisade Wall |
| 8:06 | Build | Palisade Wall |
| 8:07 | Build | Palisade Wall |
| 8:35 | Build | Palisade Wall |
| 8:35 | Build | Palisade Wall |
| 8:37 | Build | Palisade Wall |
| 8:40 | Build | Mining Camp |
| 8:41 | Create | Villager (Male) |
| 8:48 | Build | Palisade Wall |
| 8:48 | Build | Palisade Wall |
| 8:49 | Build | Palisade Wall |
| 8:49 | Build | Palisade Wall |
| 9:04 | Build | Palisade Wall |
| 9:06 | Create | Villager (Male) |
| 9:10 | Build | Palisade Wall |
| 9:16 | Build | Palisade Wall |
| 9:22 | Build | Barracks |
| 9:40 | Age | Feudal Age |
| 9:48 | Research | Double-Bit Axe |
| 9:48 | Research | Horse Collar |
| 9:48 | Research | Horse Collar |
| 10:01 | Build | Mill |
| 10:05 | Build | House |
| 10:18 | Build | Palisade Wall |
| 10:20 | Create | Villager (Male) |
| 10:39 | Create | Villager (Male) |
| 10:56 | Create | Villager (Male) |
| 11:00 | Create | Villager (Male) |
| 11:10 | Build | Archery Range |
| 11:19 | Build | Farm |
| 11:23 | Create | Villager (Male) |
| 11:36 | Build | Farm |
| 11:40 | Create | Villager (Male) |
| 11:46 | Build | Farm |
| 11:47 | Create | Villager (Male) |
| 11:53 | Create | Spearman |
| 12:03 | Build | Farm |
| 12:10 | Create | Archer |
| 12:10 | Create | Archer |
| 12:29 | Build | Farm |
| 12:36 | Create | Villager (Male) |
| 12:38 | Build | Farm |
| 12:56 | Create | Villager (Male) |
| 12:57 | Build | Farm |
| 13:03 | Research | Wheelbarrow |
| 13:03 | Research | Wheelbarrow |
| 13:15 | Create | Archer |
| 13:26 | Build | House |
| 13:35 | Create | Archer |
| 13:40 | Create | Archer |
| 13:50 | Build | House |
| 13:57 | Create | Villager (Male) |
| 14:01 | Build | Farm |
| 14:02 | Build | Farm |
| 14:02 | Build | Farm |
| 14:02 | Build | Farm |
| 14:03 | Build | Farm |
| 14:03 | Build | Farm |
| 14:19 | Build | Farm |
| 14:20 | Build | Farm |
| 14:32 | Create | Archer |
| 14:47 | Create | Villager (Male) |
| 14:49 | Build | Farm |
| 15:26 | Create | Villager (Male) |
| 15:29 | Build | Blacksmith |
| 15:58 | Create | Villager (Male) |
| 16:05 | Create | Archer |
| 16:17 | Build | Archery Range |
| 16:18 | Build | House |
| 16:26 | Research | Castle Age |
| 16:29 | Build | House |
| 16:29 | Build | House |
| 16:38 | Create | Villager (Male) |
| 16:48 | Build | House |
| 16:49 | Create | Archer |
| 17:05 | Create | Villager (Male) |
| 17:13 | Research | Fletching |
| 17:13 | Research | Fletching |
| 17:13 | Research | Fletching |
| 17:17 | Research | Gold Mining |
| 17:19 | Create | Villager (Male) |
| 17:23 | Build | House |
| 17:37 | Create | Archer |
| 17:37 | Create | Archer |
| 17:54 | Research | Padded Archer Armor |
| 17:54 | Research | Padded Archer Armor |
| 18:01 | Create | Villager (Male) |
| 18:09 | Create | Archer |
| 18:09 | Create | Archer |
| 18:24 | Create | Archer |
| 18:24 | Create | Archer |
| 18:50 | Create | Archer |
| 18:50 | Create | Archer |
| 19:06 | Age | Castle Age |
| 19:10 | Build | Town Center |
| 19:15 | Research | Bodkin Arrow |
| 19:16 | Research | Bodkin Arrow |
| 19:38 | Build | Siege Workshop |
| 19:48 | Create | Villager (Male) |
| 19:50 | Research | Crossbowman (upgrade) |
| 19:50 | Research | Crossbowman (upgrade) |
| 20:01 | Create | Villager (Male) |
| 20:19 | Create | Archer |
| 20:19 | Create | Archer |
| 20:34 | Create | Mangonel |
| 20:44 | Build | House |
| 20:45 | Build | House |
| 20:49 | Create | Villager (Male) |
Build order — LvSP | Réyiman
First 150 of 586 actions detected
| 0:00 | Create | Villager (Male) |
| 0:02 | Build | House |
| 0:03 | Build | House |
| 0:08 | Create | Villager (Male) |
| 0:09 | Create | Villager (Male) |
| 0:11 | Create | Villager (Male) |
| 1:25 | Create | Villager (Male) |
| 1:25 | Create | Villager (Male) |
| 1:50 | Build | Lumber Camp |
| 1:52 | Create | Villager (Male) |
| 1:52 | Create | Villager (Male) |
| 2:23 | Create | Villager (Male) |
| 2:53 | Create | Villager (Male) |
| 2:53 | Create | Villager (Male) |
| 3:01 | Create | Villager (Male) |
| 3:02 | Create | Villager (Male) |
| 3:43 | Create | Villager (Male) |
| 3:43 | Create | Villager (Male) |
| 3:51 | Build | House |
| 3:57 | Build | House |
| 4:09 | Create | Villager (Male) |
| 4:09 | Create | Villager (Male) |
| 4:09 | Create | Villager (Male) |
| 4:16 | Build | Palisade Wall |
| 4:41 | Create | Villager (Male) |
| 4:43 | Create | Villager (Male) |
| 4:53 | Create | Villager (Male) |
| 5:20 | Build | Barracks |
| 5:52 | Build | House |
| 5:55 | Build | Palisade Wall |
| 5:57 | Create | Villager (Male) |
| 6:15 | Create | Militia |
| 6:15 | Create | Militia |
| 6:19 | Research | Loom |
| 6:19 | Research | Loom |
| 6:29 | Create | Villager (Male) |
| 6:33 | Build | Mill |
| 6:40 | Create | Militia |
| 6:40 | Create | Militia |
| 6:44 | Build | House |
| 6:47 | Build | Palisade Wall |
| 6:59 | Create | Militia |
| 7:02 | Create | Villager (Male) |
| 7:13 | Build | Palisade Wall |
| 7:26 | Build | Palisade Wall |
| 7:26 | Create | Villager (Male) |
| 7:44 | Create | Villager (Male) |
| 8:02 | Build | House |
| 8:03 | Build | House |
| 8:04 | Create | Villager (Male) |
| 8:34 | Create | Villager (Male) |
| 8:40 | Build | Palisade Wall |
| 8:46 | Build | Palisade Wall |
| 9:01 | Build | Mill |
| 9:01 | Create | Villager (Male) |
| 9:29 | Create | Villager (Male) |
| 9:56 | Create | Villager (Male) |
| 10:07 | Build | Mining Camp |
| 10:12 | Build | House |
| 10:17 | Create | Villager (Male) |
| 10:52 | Create | Villager (Male) |
| 11:06 | Build | Farm |
| 11:08 | Build | Farm |
| 11:11 | Build | Farm |
| 11:18 | Research | Feudal Age |
| 11:18 | Research | Feudal Age |
| 11:35 | Build | House |
| 12:00 | Build | Palisade Wall |
| 12:12 | Build | Farm |
| 12:14 | Build | Farm |
| 12:26 | Build | Palisade Wall |
| 13:18 | Create | Villager (Male) |
| 13:29 | Age | Feudal Age |
| 13:39 | Build | Archery Range |
| 13:56 | Create | Villager (Male) |
| 14:11 | Build | Blacksmith |
| 14:22 | Create | Villager (Male) |
| 14:36 | Build | Archery Range |
| 14:39 | Build | Palisade Wall |
| 14:53 | Research | Castle Age |
| 14:53 | Research | Castle Age |
| 15:32 | Create | Archer |
| 15:32 | Create | Archer |
| 15:45 | Create | Archer |
| 15:47 | Research | Double-Bit Axe |
| 15:48 | Research | Double-Bit Axe |
| 15:50 | Research | Horse Collar |
| 15:53 | Build | Farm |
| 15:55 | Build | Farm |
| 16:08 | Create | Archer |
| 16:09 | Create | Archer |
| 16:16 | Create | Archer |
| 16:30 | Build | Farm |
| 16:35 | Build | Farm |
| 16:37 | Research | Fletching |
| 16:37 | Research | Fletching |
| 16:45 | Build | Farm |
| 16:47 | Create | Archer |
| 16:47 | Create | Archer |
| 17:01 | Create | Archer |
| 17:01 | Create | Archer |
| 17:19 | Research | Gold Mining |
| 17:19 | Research | Gold Mining |
| 17:24 | Create | Archer |
| 17:24 | Create | Archer |
| 17:26 | Create | Villager (Male) |
| 17:33 | Age | Castle Age |
| 17:47 | Research | Crossbowman (upgrade) |
| 17:48 | Research | Crossbowman (upgrade) |
| 17:48 | Create | Villager (Male) |
| 17:49 | Create | Villager (Male) |
| 17:56 | Build | Town Center |
| 18:29 | Research | Bodkin Arrow |
| 18:29 | Research | Bodkin Arrow |
| 18:34 | Create | Archer |
| 18:54 | Create | Villager (Male) |
| 19:03 | Create | Villager (Male) |
| 19:04 | Create | Archer |
| 19:04 | Create | Archer |
| 19:05 | Create | Archer |
| 19:21 | Create | Villager (Male) |
| 19:34 | Create | Archer |
| 19:34 | Create | Archer |
| 19:36 | Create | Villager (Male) |
| 19:36 | Create | Villager (Male) |
| 19:43 | Build | House |
| 19:43 | Build | House |
| 19:48 | Create | Villager (Male) |
| 19:48 | Create | Villager (Male) |
| 19:59 | Create | Archer |
| 19:59 | Create | Archer |
| 20:00 | Create | Villager (Male) |
| 20:00 | Create | Villager (Male) |
| 20:19 | Create | Archer |
| 20:19 | Create | Villager (Male) |
| 20:19 | Create | Villager (Male) |
| 20:32 | Build | University |
| 20:34 | Create | Archer |
| 20:35 | Create | Archer |
| 20:39 | Create | Villager (Male) |
| 20:39 | Create | Villager (Male) |
| 20:45 | Build | House |
| 21:14 | Create | Villager (Male) |
| 21:14 | Create | Villager (Male) |
| 21:15 | Create | Archer |
| 21:15 | Create | Archer |
| 21:40 | Create | Villager (Male) |
| 21:41 | Create | Villager (Male) |
| 21:43 | Build | House |
| 21:45 | Create | Archer |
Match timeline
| 4:16 | LvSP | Réyiman · wall_segment Palisade Wall x1 |
| 5:03 | Hackali · wall_segment Palisade Wall x7 |
| 5:20 | LvSP | Réyiman · first_building Barracks |
| 5:43 | Hackali · wall_segment Palisade Wall x8 |
| 5:44 | Hackali · wall_segment Palisade Wall x1 |
| 5:46 | Hackali · wall_segment Palisade Wall x2 |
| 5:55 | LvSP | Réyiman · wall_segment Palisade Wall x4 |
| 6:09 | Hackali · wall_segment Palisade Wall x7 |
| 6:10 | Hackali · wall_segment Palisade Wall x9 |
| 6:19 | Hackali · wall_segment Palisade Wall x11 |
| 6:22 | Hackali · wall_segment Palisade Wall x12 |
| 6:47 | LvSP | Réyiman · wall_segment Palisade Wall x1 |
| 7:13 | LvSP | Réyiman · wall_segment Palisade Wall x9 |
| 7:26 | LvSP | Réyiman · wall_segment Palisade Wall x5 |
| 8:04 | Hackali · wall_segment Palisade Wall x1 |
| 8:06 | Hackali · wall_segment Palisade Wall x1 |
| 8:07 | Hackali · wall_segment Palisade Wall x1 |
| 8:35 | Hackali · wall_segment Palisade Wall x1 |
| 8:35 | Hackali · wall_segment Palisade Wall x1 |
| 8:37 | Hackali · wall_segment Palisade Wall x1 |
| 8:40 | LvSP | Réyiman · wall_segment Palisade Wall x8 |
| 8:46 | LvSP | Réyiman · wall_segment Palisade Wall x1 |
| 8:48 | Hackali · wall_segment Palisade Wall x1 |
| 8:48 | Hackali · wall_segment Palisade Wall x1 |
| 8:49 | Hackali · wall_segment Palisade Wall x1 |
| 8:49 | Hackali · wall_segment Palisade Wall x1 |
| 9:04 | Hackali · wall_segment Palisade Wall x1 |
| 9:10 | Hackali · wall_segment Palisade Wall x1 |
| 9:16 | Hackali · wall_segment Palisade Wall x1 |
| 9:22 | Hackali · first_building Barracks |
| 9:40 | Hackali · age_up feudal |
| 10:18 | Hackali · wall_segment Palisade Wall x1 |
| 11:10 | Hackali · first_building Archery Range |
| 12:00 | LvSP | Réyiman · wall_segment Palisade Wall x9 |
| 12:26 | LvSP | Réyiman · wall_segment Palisade Wall x1 |
| 13:29 | LvSP | Réyiman · age_up feudal |
| 13:39 | LvSP | Réyiman · first_building Archery Range |
| 14:39 | LvSP | Réyiman · wall_segment Palisade Wall x1 |
| 17:33 | LvSP | Réyiman · age_up castle |
| 19:06 | Hackali · age_up castle |
| 19:38 | Hackali · first_building Siege Workshop |
| 20:51 | Hackali · wall_segment Palisade Wall x1 |
| 25:00 | LvSP | Réyiman · first_market_buy 100 food |
| 25:40 | Hackali · first_market_buy 100 wood |
| 27:15 | Hackali · first_market_sell 100 wood |
| 27:16 | LvSP | Réyiman · first_building Monastery |
| 27:29 | Hackali · first_building Monastery |
| 28:12 | LvSP | Réyiman · first_market_sell 500 wood |
| 31:25 | LvSP | Réyiman · age_up imperial |
| 33:34 | LvSP | Réyiman · first_building Castle |
| 34:51 | Hackali · age_up imperial |
| 35:54 | LvSP | Réyiman · first_building Stable |
| 38:58 | Hackali · first_building Castle |
| 49:14 | LvSP | Réyiman · resign |
[ AI ANALYSIS · 1 CREDIT ]
What really happened in this match?
Wolo.gg analyzes every decision: build order, eco, micro, common mistakes by bracket. Personalized analysis on WhatsApp or Discord in 30 seconds.
Civ guide
Maya
Perfil
Jugador #3899580